 Dungeon Sprint DCSS version 0.32-a0-961-gd60f5e5fc7 (webtiles) character file.

Game seed: 7354212537351374920

5624 zazu2006 the Covert (level 10, -8/84 HPs)
             Began as a Gnoll Wanderer on Apr 17, 2024.
             Was a High Priest of Vehumet.
             Mangled by a demonic crawler (19 damage)
             ... in the Dungeon (Sprint I: "Red Sonja").
             The game lasted 00:11:03 (1925 turns).

zazu2006 the Covert (Gnoll Wanderer)                Turns: 1925, Time: 00:11:03

Health: -8/84      AC:  2    Str: 14    XL:     10   Next: 73%
Magic:  33/33      EV: 17    Int: 20    God:    Vehumet [*****.]
Gold:   1425       SH:  0    Dex: 19    Spells: 17/30 levels left

rFire   + . .        r - +8 halberd of Uncomfortable Rashes {elec, ^Contam rElec MP+9 Int+4}
rCold   + + +        (shield currently unavailable)
rNeg    + . .        k - +2 robe {rC+}
rPois   +            (no helmet)
rElec   +            (no cloak)
rCorr   .            b - +0 pair of gloves
SInv    .            (no boots)
Will    .....        (no amulet)
Stlth   +++++        d - +6 ring of dexterity
HPRegen 0.34/turn    s - ring "Yteotomo" {*Corrode rPois rF+ rC+++ rN+}
MPRegen 0.23/turn

%: no teleportation, random rage (3%), corrode self (3%)
@: corroded, hasted, very quick
A: fangs 1, strong nose, distributed training, berserk 1, clever 1, strong 1
a: Renounce Religion


You were in the Dungeon.
You worshipped Vehumet.
Vehumet was extremely pleased with you.
You visited 1 branch You collected 1646 gold pieces.
You spent 221 gold pieces at shops.

Inventory:

Hand Weapons
 a - a +0 quarterstaff
 m - the +3 long sword of Vaxtod {freeze, *Noise Will+++ rCorr Stlth-}
   (You bought it in a shop in the Dungeon)

   Will+++:   It greatly increases your willpower.
   *Noise:    It may make a loud noise when swung.
   rCorr:     It protects you from acid and corrosion.
   Stlth-:    It makes you less stealthy.
 r - the +8 halberd of Uncomfortable Rashes (weapon) {elec, ^Contam rElec MP+9 Int+4}
   (You took it off a wight in the Dungeon)

   Int+4:     It affects your intelligence (+4).
   rElec:     It insulates you from electricity.
   MP+9:      It affects your magic capacity (+9).
   ^Contam:   It causes magical contamination when unequipped.
Armour
 b - a +0 pair of gloves (worn)
 k - a +2 robe of cold resistance (worn)
 t - a +1 leather armour of positive energy
Magical Staves
 q - a staff of cold
Jewellery
 d - a +6 ring of dexterity (left hand)
 s - the ring "Yteotomo" (right hand) {*Corrode rPois rF+ rC+++ rN+}
   (You took it off a wight in the Dungeon)

   [ring of positive energy]

   rF+:       It protects you from fire.
   rC+++:     It renders you almost immune to cold.
   rPois:     It protects you from poison.
   rN+:       It protects you from negative energy.
   *Corrode:  It may corrode you when you take damage.
 v - a ring of magical power
Wands
 i - a wand of mindburst (2)
Scrolls
 c - a scroll of fear
 j - 2 scrolls of blinking
 l - a scroll of identify {unknown}
 o - a scroll of enchant armour {unknown}
 p - a scroll of immolation {unknown}
 u - a scroll of enchant weapon {unknown}
Potions
 e - 3 potions of curing
 h - 2 potions of magic


   Skills:
 + Level 9.7 Fighting
 + Level 9.7 Short Blades
 + Level 9.7 Long Blades
 + Level 9.7 Axes
 + Level 9.7 Maces & Flails
 + Level 9.7 Polearms
 + Level 10.7 Staves
 + Level 9.7 Ranged Weapons
 + Level 9.7 Throwing
 + Level 9.7 Armour
 + Level 9.7 Dodging
 + Level 11.3 Stealth
 + Level 9.7 Shields
 + Level 9.7 Unarmed Combat
 + Level 10.9 Spellcasting
 + Level 8.1 Conjurations
 + Level 8.1 Hexes
 + Level 8.1 Summonings
 + Level 8.1 Necromancy
 + Level 8.1 Translocations
 + Level 8.1 Fire Magic
 + Level 8.1 Ice Magic
 + Level 8.1 Air Magic
 + Level 9.0 Earth Magic
 + Level 8.1 Alchemy
 + Level 10.5 Invocations
 + Level 9.7 Evocations
 + Level 9.2 Shapeshifting


You had 17 spell levels left.
You knew the following spells:

 Your Spells              Type           Power      Damage    Failure   Level
a - Sandblast             Erth           94%        2d19      1%          1
b - Stone Arrow           Conj/Erth      90%        3d12      1%          3
c - Mephitic Cloud        Conj/Alch/Air  43%        N/A       1%          3
d - Permafrost Eruption   Ice/Erth       22%        2x4d6     8%          6

Your spell library contained the following spells:

 Spells                   Type           Power      Damage    Failure   Level
 Leda's Liquefaction      Alch/Erth      22%        N/A       1%          4


Dungeon Overview and Level Annotations

Branches:
Dungeon (1/1)

Altars:
Cheibriados
Dithmenos
Elyvilon
Fedhas
Gozag
Hepliaklqana
Kikubaaqudgha
Makhleb
Nemelex Xobeh
Okawaru
Qazlal
Ru
Sif Muna
Trog
Uskayaw
Vehumet
Wu Jian
Xom
Yredelemnul
Zin
The Shining One
Jiyva
Lugonu

Shops:
D (!::****[=([*(*[:


Innate Abilities, Weirdness & Mutations

You have very sharp teeth.
Your uncanny sense of smell can sniff out nearby items.
Your experience applies equally to all skills.
You sometimes lose your temper in combat.
Your mind is acute. (Int +4, Str/Dex -1)
Your muscles are strong. (Str +4, Int/Dex -1)


Message History

The demonic crawler misses you.
There is an open door here.
The demonic crawler attacks as it pursues you!
The demonic crawler barely misses you.
The demonic crawler completely misses you. x2
The demonic crawler hits you. The demonic crawler hits you!
The demonic crawler hits you but does no damage.
There is a shimmering altar of Xom here.
The demonic crawler attacks as it pursues you!
The demonic crawler hits you. x2; The demonic crawler misses you.
There is a burning altar of Makhleb here.
There is an open door here.
The demonic crawler hits you! x3
* * * LOW HITPOINT WARNING * * *
There is an open door here.
You feel much better.
The demonic crawler completely misses you.
The demonic crawler barely misses you.
The demonic crawler hits you but does no damage.
You feel yourself speed up. The demonic crawler hits you.
The demonic crawler hits you but does no damage.
The demonic crawler closely misses you.
You hit the demonic crawler.
The demonic crawler is lightly wounded.
The demonic crawler closely misses you.
The demonic crawler hits you but does no damage. x2
You hit the demonic crawler but do no damage.
The demonic crawler hits you but does no damage.
The demonic crawler hits you. The demonic crawler hits you!
It was a potion of mutation.
You feel extremely strange.
You feel a little pissed off.
You feel stronger.
You feel clever. The demonic crawler hits you!
* * * LOW HITPOINT WARNING * * *
Your corrosive artefact corrodes you!
The demonic crawler hits you!
* * * LOW HITPOINT WARNING * * *
The demonic crawler misses you.
You puncture the demonic crawler!
The demonic crawler is lightly wounded.
The demonic crawler hits you!!
You die...

##########################
#<.#..'..#..'..#__#.))...#∆∆ ∆
#..)..#.)'[.#.ss..ss.#...# ∆
#..#####'#####s#__####...'..#∆
#..####..#...#@####§§#####..+∆
#..#__####..##§#§~§..#..# +##
#..#_____##'#§§§§§~.§'.§#
#⌠⌠#_.∩...'..._#~§§§.#..#
####_..__##_.#'##§#####)###
∆∆#_____###'#.#(.§)###§[.#
############.####)###.###.#
#∩........'.).'..)..'.∩##)#
###++++####...###########.# ∆


You could see 3 demonic crawlers.

Vanquished Creatures
  2 centaur warriors (D)
  Sonja (D)
  A deep troll (D)
  An oklob plant (D)
  2 unseen horrors (D)
  2 kobold demonologists (D)
  A hornet (D)
  2 glass eyes (D)
  Sigmund (D)
  A slime creature (D)
  A yak (D)
  2 redbacks (D)
  An ogre (D)
  7 wights (D)
  8 jellies (D)
  Ijyb (D)
34 creatures vanquished.

Vanquished Creatures (others)
  2 ballistomycete spores (D)
2 creatures vanquished.

Grand Total: 36 creatures vanquished

Notes
Turn   | Place    | Note
-------+----------+-------------------------------------------
     0 | D        | zazu2006 the Gnoll Wanderer began the quest for the Orb.
     0 | D        | zazu2006 set off with the following items: a +0
                  | quarterstaff, a +0 pair of gloves, a scroll of fear, a +0
                  | robe, a potion of curing, a potion of heal wounds, a potion
                  | of haste, 2 potions of magic, a potion of berserk rage, a
                  | scroll of blinking; and the following spell memorised:
                  | Sandblast; and the following spells available to memorise:
                  | Stone Arrow, Leda's Liquefaction.
     0 | D        | Reached XP level 1. HP: 13/13 MP: 6/6
     1 | D        | Noticed Ijyb
     6 | D        | Killed Ijyb
     7 | D        | Reached skill level 1 in Fighting
     7 | D        | Reached skill level 1 in Short Blades
     7 | D        | Reached skill level 1 in Long Blades
     7 | D        | Reached skill level 1 in Axes
     7 | D        | Reached skill level 1 in Maces & Flails
     7 | D        | Reached skill level 1 in Polearms
     7 | D        | Reached skill level 1 in Ranged Weapons
     7 | D        | Reached skill level 1 in Throwing
     7 | D        | Reached skill level 1 in Armour
     7 | D        | Reached skill level 1 in Dodging
     7 | D        | Reached skill level 6 in Stealth
     7 | D        | Reached skill level 1 in Shields
     7 | D        | Reached skill level 1 in Unarmed Combat
     7 | D        | Reached skill level 5 in Spellcasting
     7 | D        | Reached skill level 1 in Conjurations
     7 | D        | Reached skill level 1 in Hexes
     7 | D        | Reached skill level 1 in Summonings
     7 | D        | Reached skill level 1 in Necromancy
     7 | D        | Reached skill level 1 in Translocations
     7 | D        | Reached skill level 1 in Fire Magic
     7 | D        | Reached skill level 1 in Ice Magic
     7 | D        | Reached skill level 1 in Air Magic
     7 | D        | Reached skill level 1 in Alchemy
     7 | D        | Reached skill level 1 in Evocations
     7 | D        | Reached XP level 2. HP: 22/22 MP: 8/8
     7 | D        | Reached XP level 3. HP: 27/27 MP: 9/9
    33 | D        | Noticed an ogre
    37 | D        | Killed an ogre
    38 | D        | Reached skill level 5 in Staves
    38 | D        | Reached XP level 4. HP: 11/35 MP: 10/12
   134 | D        | Noticed Sigmund
   142 | D        | Killed Sigmund
   143 | D        | Reached skill level 7 in Stealth
   143 | D        | Reached skill level 5 in Earth Magic
   143 | D        | Reached XP level 5. HP: 37/43 MP: 14/14
   143 | D        | Reached XP level 6. HP: 42/49 MP: 15/15
   170 | D        | Found an ornate altar of the Wu Jian Council.
   170 | D        | Found a shimmering blue altar of Sif Muna.
   172 | D        | Found a radiant altar of Vehumet.
   179 | D        | Reached skill level 5 in Invocations
   179 | D        | Reached skill level 5 in Shapeshifting
   181 | D        | Became a worshipper of Vehumet
   214 | D        | Found Ibopsog's Distillery.
   214 | D        | Found an ancient bone altar of Kikubaaqudgha.
   214 | D        | Found a hazy altar of Hepliaklqana.
   214 | D        | Found a hide-covered altar of Uskayaw.
   214 | D        | Found a basalt altar of Yredelemnul.
   214 | D        | Found an opulent altar of Gozag.
   214 | D        | Found a snail-covered altar of Cheibriados.
   214 | D        | Found a sacrificial altar of Ru.
   214 | D        | Found a shadowy altar of Dithmenos.
   214 | D        | Noticed a yak
   215 | D        | Found a stormy altar of Qazlal.
   215 | D        | Found a blossoming altar of Fedhas.
   215 | D        | Found a bloodstained altar of Trog.
   215 | D        | Found an iron altar of Okawaru.
   215 | D        | Found a glowing golden altar of the Shining One.
   215 | D        | Found a glowing silver altar of Zin.
   215 | D        | Found a white marble altar of Elyvilon.
   225 | D        | Killed a yak
   226 | D        | Reached skill level 5 in Fighting
   226 | D        | Reached skill level 5 in Short Blades
   226 | D        | Reached skill level 5 in Long Blades
   226 | D        | Reached skill level 5 in Axes
   226 | D        | Reached skill level 5 in Maces & Flails
   226 | D        | Reached skill level 5 in Polearms
   226 | D        | Reached skill level 5 in Ranged Weapons
   226 | D        | Reached skill level 5 in Throwing
   226 | D        | Reached skill level 5 in Armour
   226 | D        | Reached skill level 5 in Dodging
   226 | D        | Reached skill level 8 in Stealth
   226 | D        | Reached skill level 5 in Shields
   226 | D        | Reached skill level 5 in Unarmed Combat
   226 | D        | Reached skill level 5 in Evocations
   226 | D        | Reached XP level 7. HP: 30/56 MP: 15/17
   226 | D        | Found a sparkling altar of Nemelex Xobeh.
   315 | D        | Noticed Sonja
   319 | D        | Killed Sonja
   320 | D        | Reached skill level 5 in Conjurations
   320 | D        | Reached skill level 5 in Hexes
   320 | D        | Reached skill level 5 in Summonings
   320 | D        | Reached skill level 5 in Necromancy
   320 | D        | Reached skill level 5 in Translocations
   320 | D        | Reached skill level 5 in Fire Magic
   320 | D        | Reached skill level 5 in Ice Magic
   320 | D        | Reached skill level 5 in Air Magic
   320 | D        | Reached skill level 5 in Alchemy
   320 | D        | Reached XP level 8. HP: 65/65 MP: 18/20
   333 | D        | Found Caorchusk's Antique Weapon Boutique.
   341 | D        | Bought a dazzling long sword for 221 gold pieces
   341 | D        | Identified the +3 long sword of Vaxtod {freeze, *Noise
                  | Will+++ rCorr Stlth-} (You bought it in a shop in the
                  | Dungeon)
   390 | D        | Noticed a deep troll
   399 | D        | Killed a deep troll
   399 | D        | Reached * piety under Vehumet
   399 | D        | Offered knowledge of Sting by Vehumet.
   400 | D        | Reached skill level 9 in Stealth
   409 | D        | Found Dirrel's Armour Emporium.
   449 | D        | Learned a level 3 spell: Stone Arrow
   455 | D        | Noticed a centaur warrior
   455 | D        | Noticed a centaur warrior
   460 | D        | Found a viscous altar of Jiyva.
   460 | D        | Found a corrupted altar of Lugonu.
   460 | D        | Noticed a slime creature
   461 | D        | Found a burning altar of Makhleb.
   461 | D        | Found a shimmering altar of Xom.
   466 | D        | Killed a slime creature
   467 | D        | Reached XP level 9. HP: 70/72 MP: 5/22
   557 | D        | Noticed a kobold demonologist
   560 | D        | Noticed a kobold demonologist
   569 | D        | Killed a kobold demonologist
   569 | D        | Offered knowledge of Mercury Vapours by Vehumet.
   569 | D        | Reached ** piety under Vehumet
   594 | D        | Killed a kobold demonologist
   595 | D        | Reached skill level 10 in Stealth
   687 | D        | Noticed a demonic crawler
   687 | D        | Noticed a demonic crawler
   687 | D        | Noticed a demonic crawler
   687 | D        | Noticed a demonic crawler
   758 | D        | Killed a centaur warrior
   763 | D        | Killed a centaur warrior
   763 | D        | Offered knowledge of Mephitic Cloud by Vehumet.
   764 | D        | Reached skill level 10 in Spellcasting
   764 | D        | Reached XP level 10. HP: 26/82 MP: 22/24
   768 | D        | Learned a level 3 spell: Mephitic Cloud
   943 | D        | Reached *** piety under Vehumet
   944 | D        | Reached skill level 10 in Staves
  1011 | D        | Noticed an oklob plant
  1018 | D        | Killed an oklob plant
  1192 | D        | Offered knowledge of Hailstorm by Vehumet.
  1195 | D        | Reached skill level 10 in Invocations
  1230 | D        | Reached skill level 11 in Stealth
  1279 | D        | Reached **** piety under Vehumet
  1312 | D        | Reached ***** piety under Vehumet
  1434 | D        | Killed an unseen horror
  1434 | D        | Offered knowledge of Olgreb's Toxic Radiance by Vehumet.
  1445 | D        | Identified the +8 halberd of Uncomfortable Rashes {elec,
                  | ^Contam rElec MP+9 Int+4}
  1448 | D        | Killed an unseen horror
  1636 | D        | Identified the ring "Yteotomo" {*Corrode rPois rF+ rC+++
                  | rN+}
  1638 | D        | Offered knowledge of Permafrost Eruption by Vehumet.
  1646 | D        | Learned a level 6 spell: Permafrost Eruption
  1773 | D        | Found Ocvaunly's Book Shoppe.
  1787 | D        | Found Cekiulis's Weapon Boutique.
  1788 | D        | Found Funag's General Store.
  1788 | D        | Found Taath's General Store.
  1789 | D        | Found Nirphapsefi's Book Emporium.
  1794 | D        | Found Jeguph's Book Shop.
  1806 | D        | Found Uhess's Assorted Antiques.
  1806 | D        | Found Jiumen's General Store.
  1806 | D        | Found Mimorid's General Store.
  1806 | D        | Found Buhepp's Armour Boutique.
  1806 | D        | Found Qudexaz's Jewellery Emporium.
  1806 | D        | Found Gist's Antique Weapon Shop.
  1806 | D        | Found Athroeh's Armour Shoppe.
  1808 | D        | Found Quarch's Assorted Antiques.
  1924 | D        | Gained mutation: You sometimes lose your temper in combat.
                  | [potion of mutation]
  1924 | D        | Gained mutation: Your muscles are strong. (Str +4, Int/Dex
                  | -1) [potion of mutation]
  1924 | D        | Gained mutation: Your mind is acute. (Int +4, Str/Dex -1)
                  | [potion of mutation]
  1925 | D        | Mangled by a demonic crawler

Illustrated notes

Levels and vault maps discovered:
D:        dungeon_sprint_1 [red_sonja_temple_1, red_sonja_temple_small_1]

Skill      XL: |  1  2  3  4  5  6  7  8  9 10 |
---------------+-------------------------------+-----
Fighting       | 1 3 4 5 6 7 8 9 |  9.7
Short Blades   | 1 3 4 5 6 7 8 9 |  9.7
Long Blades    | 1 3 4 5 6 7 8 9 |  9.7
Axes           | 1 3 4 5 6 7 8 9 |  9.7
Maces & Flails | 1 3 4 5 6 7 8 9 |  9.7
Polearms       | 1 3 4 5 6 7 8 9 |  9.7
Ranged Weapons | 1 3 4 5 6 7 8 9 |  9.7
Throwing       | 1 3 4 5 6 7 8 9 |  9.7
Armour         | 1 3 4 5 6 7 8 9 |  9.7
Dodging        | 1 3 4 5 6 7 8 9 |  9.7
Stealth        | 6 7 8 9 10 11 | 11.3
Shields        | 1 3 4 5 6 7 8 9 |  9.7
Unarmed Combat | 1 3 4 5 6 7 8 9 |  9.7
Spellcasting   | 5 6 7 8 9 10 | 10.9
Conjurations   | 1 2 3 4 5 6 7 8 |  8.1
Hexes          | 1 2 3 4 5 6 7 8 |  8.1
Summonings     | 1 2 3 4 5 6 7 8 |  8.1
Necromancy     | 1 2 3 4 5 6 7 8 |  8.1
Translocations | 1 2 3 4 5 6 7 8 |  8.1
Fire Magic     | 1 2 3 4 5 6 7 8 |  8.1
Ice Magic      | 1 2 3 4 5 6 7 8 |  8.1
Air Magic      | 1 2 3 4 5 6 7 8 |  8.1
Earth Magic    | 4 5 6 7 8 9 |  9.0
Alchemy        | 1 2 3 4 5 6 7 8 |  8.1
Invocations    | 2 3 4 5 7 8 9 10 | 10.5
Evocations     | 1 3 4 5 6 7 8 9 |  9.7
Shapeshifting  | 3 4 5 6 7 8 9 |  9.2
Staves         | 5 6 7 8 9 10 | 10.7

Action                     |  1- 3 |  4- 6 |  7- 9 | 10-12 || total
---------------------------+-------+-------+-------+-------++-------
  Melee: Quarterstaff      |     5 |    19 |    33 |    10 ||    67
         Bite              |     1 |     4 |     5 |     1 ||    11
         Halberd           |       |       |       |     3 ||     3
   Cast: Stone Arrow       |       |       |    13 |    35 ||    48
         Sandblast         |       |       |       |    22 ||    22
         Mephitic Cloud    |       |       |       |     3 ||     3
  Evoke: Wand              |     2 |     1 |     9 |     1 ||    13
    Use: Potion            |     1 |       |       |     3 ||     4
   Stab: Sleeping          |     1 |     2 |       |     2 ||     5
 Armour: Robe              |     3 |     8 |    49 |    40 ||   100
  Dodge: Dodged            |     1 |     8 |    85 |    28 ||   122

Table legend: (Time is in decaauts)
 A = Elapsed time spent in this place.
 B = Non-inter-level travel time spent in this place.
 C = Inter-level travel time spent in this place.
 D = Time resting spent in this place.
 E = Time spent auto-exploring this place.
 F = Levels seen in this place.
 G = Mean time per level.
                   A        B        C        D        E       F      G
               +--------+--------+--------+--------+--------+-----+--------+
         Total |   1938 |   1938 |      0 |   1115 |     19 |   1 | 1938.0 |
       Dungeon |   1938 |   1938 |      0 |   1115 |     19 |   1 | 1938.0 |
               +--------+--------+--------+--------+--------+-----+--------+

Top non-repeatable levels by time:
       D: 1938 daAuts
